AAA
BATON ROUGE BAYOU @ FORT WAYNE HERONS
06/22/2060
 
TOP OF THE 1ST
Baton Rouge Bayou batting - Pitching for Fort Wayne Herons : LHP Chase Mellas
Pitching: LHP Chase Mellas
Batting: LHB Samuel Hamblin 0-0: Called Strike
0-1: Ground out 6-3 (Groundball, 6, EV 105.0 MPH)
Batting: RHB Andy Bernard 0-0: Foul Ball, location: 2F
0-1: SINGLE (Groundball, 56S, EV 71.9 MPH) (infield hit)
Batting: LHB Jon MacKinnon 0-0: Foul Ball, location: 2F
0-1: Ball
1-1: Ball
2-1: Fly out, F9 (Flyball, 9LSF, EV 97.5 MPH)
Batting: LHB Kemper Small 0-0: Foul Ball, location: 2F
0-1: Foul Ball, location: 2F
0-2: Ball
1-2: SINGLE (Line Drive, 34D, EV 93.8 MPH)
Andy Bernard to second
Runner from 2nd tries for 3rd, OUT! 9-5
Top of the 1st over - 0 runs, 2 hits, 0 errors, 1 left on base; Baton Rouge 0 - Fort Wayne 0
BOTTOM OF THE 1ST
Fort Wayne Herons batting - Pitching for Baton Rouge Bayou : RHP Isaac Leadbeater
Pitching: RHP Isaac Leadbeater
Batting: SHB James Little 0-0: Called Strike
0-1: Fly out, F8 (Flyball, 89M, EV 86.2 MPH)
Batting: LHB Keon Kakazai 0-0: Called Strike
0-1: Ball
1-1: Swinging Strike
1-2: Ball
2-2: Foul Ball, location: 2F
2-2: Foul Ball, location: 2F
2-2: Ball
3-2: Ground out 6-3 (Groundball, 6, EV 87.5 MPH)
Batting: RHB Johnny Jackson 0-0: Called Strike
0-1: Ground out 6-3 (Groundball, 6S, EV 83.8 MPH)
Bottom of the 1st over - 0 runs, 0 hits, 0 errors, 0 left on base; Baton Rouge 0 - Fort Wayne 0
TOP OF THE 2ND
Baton Rouge Bayou batting - Pitching for Fort Wayne Herons : LHP Chase Mellas
Batting: RHB Seth Price 0-0: Ball
1-0: Ball
2-0: Foul Ball, location: 2F
2-1: Ball
3-1: Base on Balls
Batting: RHB Khaleen Romero 0-0: Hit by Pitch
Seth Price to second
Batting: RHB Tripp Kalifetona 0-0: Ball
1-0: Called Strike
1-1: Ball
2-1: Called Strike
2-2: Ball
3-2: Grounds into double play, 6-4-3 (Groundball, 6, EV 83.1 MPH)
Seth Price to third
Batting: SHB Rob French 0-0: SINGLE (Line Drive, 6D, EV 96.2 MPH)
Seth Price scores
Batting: RHB James Wilson 0-0: Ball
1-0: Ground out 2-3 (Groundball, 2L, EV 67.5 MPH)
Top of the 2nd over - 1 run, 1 hit, 0 errors, 1 left on base; Baton Rouge 1 - Fort Wayne 0
BOTTOM OF THE 2ND
Fort Wayne Herons batting - Pitching for Baton Rouge Bayou : RHP Isaac Leadbeater
Batting: LHB Ozzie Huang 0-0: Swinging Strike
0-1: DOUBLE (Line Drive, 7LD, EV 109.4 MPH)
Batting: RHB Shawn Gunn 0-0: Fly out, F9 (Flyball, 9, EV 90.0 MPH)
Batting: RHB Cristian Osborne 0-0: Ball
1-0: Called Strike
1-1: Foul Ball, location: 2F
1-2: Ball
2-2: Ball
3-2: SINGLE (Groundball, 56D, EV 98.1 MPH)
Ozzie Huang to third
Runner from 3rd tries for Home, SAFE, throw by LF to home
Batting: RHB Jessie Himes 0-0: Ball
1-0: Ball
2-0: Swinging Strike
2-1: Foul Ball, location: 2F
2-2: Ball
3-2: Foul Ball, location: 2F
3-2: Strikes out swinging
Batting: RHB Johnny Bunkley 0-0: Ball
1-0: Swinging Strike
1-1: Foul Ball, location: 2F
1-2: Strikes out looking
Bottom of the 2nd over - 1 run, 2 hits, 0 errors, 1 left on base; Baton Rouge 1 - Fort Wayne 1
TOP OF THE 3RD
Baton Rouge Bayou batting - Pitching for Fort Wayne Herons : LHP Chase Mellas
Batting: LHB Samuel Hamblin 0-0: Called Strike
0-1: TRIPLE (Line Drive, 9D, EV 109.4 MPH)
Batting: RHB Andy Bernard 0-0: Called Strike
0-1: Ball
1-1: Foul Ball, location: 2F
1-2: Strikes out looking
Batting: LHB Jon MacKinnon 0-0: 2-RUN HOME RUN (Flyball, 89XD, EV 106.9 MPH), Distance : 414 ft
Batting: LHB Kemper Small 0-0: Ball
1-0: Ground out U3 (Groundball, 3, EV 86.9 MPH)
Batting: RHB Seth Price 0-0: Ball
1-0: Ball
2-0: Called Strike
2-1: Ball
3-1: Foul Ball, location: 2F
3-2: Fly out, F9 (Flyball, 89D, EV 87.5 MPH)
Top of the 3rd over - 2 runs, 2 hits, 0 errors, 0 left on base; Baton Rouge 3 - Fort Wayne 1
BOTTOM OF THE 3RD
Fort Wayne Herons batting - Pitching for Baton Rouge Bayou : RHP Isaac Leadbeater
Batting: RHB Chandler Frazee 0-0: Called Strike
0-1: Called Strike
0-2: Ball
1-2: Strikes out swinging
Batting: SHB James Little 0-0: Ball
1-0: Foul Ball, location: 2F
1-1: Ball
2-1: Swinging Strike
2-2: Foul Ball, location: 2F
2-2: Foul Ball, location: 2F
2-2: Strikes out swinging
Batting: LHB Keon Kakazai 0-0: Swinging Strike
0-1: SINGLE (Groundball, 34D, EV 104.4 MPH)
Batting: RHB Johnny Jackson 0-0: SINGLE (Flyball, 78S, EV 97.5 MPH)
Keon Kakazai to second
Batting: LHB Ozzie Huang 0-0: Ball
1-0: Ball
2-0: Ball
3-0: Called Strike
3-1: Fly out, F6 (Popup, 6M, EV 59.4 MPH)
Bottom of the 3rd over - 0 runs, 2 hits, 0 errors, 2 left on base; Baton Rouge 3 - Fort Wayne 1
TOP OF THE 4TH
Baton Rouge Bayou batting - Pitching for Fort Wayne Herons : LHP Chase Mellas
Batting: RHB Khaleen Romero 0-0: Ball
1-0: Ball
2-0: Swinging Strike
2-1: Foul Ball, location: 2F
2-2: Strikes out swinging
Batting: RHB Tripp Kalifetona 0-0: Called Strike
0-1: Ground out 4-3 (Groundball, 34, EV 93.1 MPH)
Batting: SHB Rob French 0-0: Called Strike
0-1: Ball
1-1: Foul Ball, location: 2F
1-2: Ball
2-2: Ground out 1-3 (Groundball, 13, EV 65.6 MPH)
Top of the 4th over - 0 runs, 0 hits, 0 errors, 0 left on base; Baton Rouge 3 - Fort Wayne 1
BOTTOM OF THE 4TH
Fort Wayne Herons batting - Pitching for Baton Rouge Bayou : RHP Isaac Leadbeater
Batting: RHB Shawn Gunn 0-0: Ball
1-0: Ground out 5-3 (Groundball, 56, EV 106.9 MPH)
Batting: RHB Cristian Osborne 0-0: Called Strike
0-1: Ball
1-1: Ball
2-1: Foul Ball, location: 2F
2-2: Strikes out swinging
Batting: RHB Jessie Himes 0-0: Called Strike
0-1: Ball
1-1: Hit by Pitch
Batting: RHB Johnny Bunkley 0-0: Ball
1-0: Fly out, F7 (Line Drive, 7, EV 100.6 MPH)
Bottom of the 4th over - 0 runs, 0 hits, 0 errors, 1 left on base; Baton Rouge 3 - Fort Wayne 1
TOP OF THE 5TH
Baton Rouge Bayou batting - Pitching for Fort Wayne Herons : LHP Chase Mellas
Batting: RHB James Wilson 0-0: Ground out 6-3 (Groundball, 6, EV 101.9 MPH)
Batting: LHB Samuel Hamblin 0-0: Ball
1-0: Ball
2-0: Ball
3-0: Base on Balls
Batting: RHB Andy Bernard 0-0: Ball
1-0: Reached on error, E6 (Groundball, 6MD, EV 82.5 MPH)
Samuel Hamblin to second
Batting: LHB Jon MacKinnon 0-0: Called Strike
0-1: Ball
1-1: Swinging Strike
1-2: Strikes out swinging
Batting: LHB Kemper Small 0-0: Ball
1-0: Swinging Strike
1-1: Ball
2-1: Swinging Strike
2-2: Foul Ball, location: 2F
2-2: Foul Ball, location: 2F
2-2: Strikes out swinging
Top of the 5th over - 0 runs, 0 hits, 1 error, 2 left on base; Baton Rouge 3 - Fort Wayne 1
BOTTOM OF THE 5TH
Fort Wayne Herons batting - Pitching for Baton Rouge Bayou : RHP Isaac Leadbeater
Batting: RHB Chandler Frazee 0-0: Ball
1-0: Foul Ball, location: 2F
1-1: Swinging Strike
1-2: Ball
2-2: Fly out, F7 (Flyball, 7, EV 90.6 MPH)
Batting: SHB James Little 0-0: Called Strike
0-1: Ball
1-1: Ground out 4-3 (Groundball, 4, EV 85.0 MPH)
Batting: LHB Keon Kakazai 0-0: Ball
1-0: SINGLE (Flyball, 3D, EV 85.0 MPH)
Batting: RHB Johnny Jackson 0-0: Called Strike
0-1: Ball
1-1: DOUBLE (Line Drive, 7LD, EV 110.0 MPH)
Keon Kakazai to third
Runner from 3rd tries for Home, SAFE, throw by LF to home
Batting: LHB Ozzie Huang 0-0: Ball
1-0: Called Strike
1-1: Ball
2-1: Foul Ball, location: 2F
2-2: SINGLE (Line Drive, 8LS, EV 91.9 MPH)
Johnny Jackson to third
Batting: RHB Shawn Gunn 0-0: Foul Ball, location: 2F
0-1: SINGLE (Groundball, 56, EV 81.9 MPH) (infield hit)
Johnny Jackson scores
Ozzie Huang to second
Batting: RHB Cristian Osborne 0-0: Ball
1-0: Swinging Strike
1-1: Ball
2-1: Called Strike
2-2: Fly out, F8 (Flyball, 8RS, EV 73.8 MPH)
Bottom of the 5th over - 2 runs, 4 hits, 0 errors, 2 left on base; Baton Rouge 3 - Fort Wayne 3
TOP OF THE 6TH
Baton Rouge Bayou batting - Pitching for Fort Wayne Herons : LHP Chase Mellas
Batting: RHB Seth Price 0-0: Foul Ball, location: 2F
0-1: Foul Ball, location: 2F
0-2: Ball
1-2: Ball
2-2: Foul Ball, location: 2F
2-2: Fly out, F9 (Flyball, 9, EV 79.4 MPH)
Batting: RHB Khaleen Romero 0-0: Ball
1-0: Foul Ball, location: 2F
1-1: Foul Ball, location: 2F
1-2: Strikes out looking
Batting: RHB Tripp Kalifetona 0-0: Called Strike
0-1: Called Strike
0-2: Foul Ball, location: 2F
0-2: Fly out, F8 (Flyball, 8RD, EV 90.0 MPH)
Top of the 6th over - 0 runs, 0 hits, 0 errors, 0 left on base; Baton Rouge 3 - Fort Wayne 3
BOTTOM OF THE 6TH
Fort Wayne Herons batting - Pitching for Baton Rouge Bayou : RHP Isaac Leadbeater
Batting: RHB Jessie Himes 0-0: Ball
1-0: Ball
2-0: Ball
3-0: Called Strike
3-1: SINGLE (Groundball, 6S, EV 73.1 MPH) (infield hit)
Batting: RHB Johnny Bunkley 0-0: Bunt missed!
0-1: Bunt - Flyout to 15S - DP at third! 1-3
Batting: RHB Chandler Frazee 0-0: Ball
1-0: Foul Ball, location: 2F
1-1: Ball
2-1: Fly out, F7 (Flyball, 7, EV 84.4 MPH)
Bottom of the 6th over - 0 runs, 1 hit, 0 errors, 0 left on base; Baton Rouge 3 - Fort Wayne 3
TOP OF THE 7TH
Baton Rouge Bayou batting - Pitching for Fort Wayne Herons : LHP Chase Mellas
Batting: SHB Rob French 0-0: Called Strike
0-1: SINGLE (Line Drive, 89M, EV 92.5 MPH)
Pitching: LHP Adrian Moore
Batting: RHB James Wilson 0-0: Bunt missed!
0-1: Ball
1-1: Sac Bunt to 3S - play at first, batter OUT! 3-1
Rob French to second
Batting: LHB Samuel Hamblin 0-0: Called Strike
0-1: Ball
1-1: Ball
2-1: TRIPLE (Line Drive, 89XD, EV 109.4 MPH)
Rob French scores
Batting: RHB Andy Bernard 0-0: Swinging Strike
0-1: Foul Ball, location: 2F
0-2: Foul Ball, location: 2F
0-2: Ball
1-2: Strikes out swinging
Batting: LHB Jon MacKinnon 0-0: Ball
1-0: Ball
2-0: Swinging Strike
2-1: Called Strike
2-2: Fly out, F9 (Flyball, 89S, EV 91.2 MPH)
Top of the 7th over - 1 run, 2 hits, 0 errors, 1 left on base; Baton Rouge 4 - Fort Wayne 3
BOTTOM OF THE 7TH
Fort Wayne Herons batting - Pitching for Baton Rouge Bayou : RHP Isaac Leadbeater
Batting: SHB James Little 0-0: Ball
1-0: Ball
2-0: Called Strike
2-1: Foul Ball, location: 2F
2-2: Foul Ball, location: 2F
2-2: Ball
3-2: Fly out, F9 (Line Drive, 9, EV 98.1 MPH)
Batting: LHB Keon Kakazai 0-0: Ball
1-0: Called Strike
1-1: Ball
2-1: Ball
3-1: Ground out 6-3 (Groundball, 6M, EV 104.4 MPH)
Batting: RHB Johnny Jackson 0-0: DOUBLE (Line Drive, 5D, EV 96.2 MPH)
Pitching: LHP Dave Childers
Batting: LHB Ozzie Huang 0-0: Ball
1-0: Ball
2-0: SINGLE (Groundball, 34D, EV 105.6 MPH)
Johnny Jackson to third
Runner from 3rd tries for Home, SAFE, throw by RF to home
Batting: RHB Shawn Gunn 0-0: SINGLE (Flyball, 89S, EV 86.9 MPH)
Ozzie Huang to second
Pinch Runner at 2nd Greg Selser:
Batting: RHB Cristian Osborne 0-0: Swinging Strike
0-1: Ball
1-1: Foul Ball, location: 2F
1-2: Ball
2-2: Ground out 5-3 (Groundball, 56S, EV 83.8 MPH)
Bottom of the 7th over - 1 run, 3 hits, 0 errors, 2 left on base; Baton Rouge 4 - Fort Wayne 4
TOP OF THE 8TH
Baton Rouge Bayou batting - Pitching for Fort Wayne Herons : LHP Adrian Moore
Now at 1B: James Munsie
Batting: LHB Kemper Small 0-0: Called Strike
0-1: Ball
1-1: Ball
2-1: Ball
3-1: Swinging Strike
3-2: Strikes out swinging
Pitching: RHP James Tuel
Batting: RHB Seth Price 0-0: Swinging Strike
0-1: Ball
1-1: Ball
2-1: Foul Ball, location: 2F
2-2: Foul Ball, location: 2F
2-2: Ball
3-2: Fly out, F9 (Flyball, 9S, EV 84.4 MPH)
Batting: RHB Khaleen Romero 0-0: Fly out, F9 (Flyball, 9LM, EV 87.5 MPH)
Top of the 8th over - 0 runs, 0 hits, 0 errors, 0 left on base; Baton Rouge 4 - Fort Wayne 4
BOTTOM OF THE 8TH
Fort Wayne Herons batting - Pitching for Baton Rouge Bayou : LHP Dave Childers
Pitching: LHP Derek Royalty
Batting: RHB Jessie Himes 0-0: Called Strike
0-1: Called Strike
0-2: Fly out, F9 (Line Drive, 9S, EV 100.6 MPH)
Batting: RHB Johnny Bunkley 0-0: Ball
1-0: DOUBLE (Flyball, 89D, EV 104.4 MPH)
Batting: RHB Chandler Frazee 0-0: Ball
1-0: Swinging Strike
1-1: Ball
2-1: Ball
3-1: Foul Ball, location: 2F
3-2: Base on Balls
Batting: SHB James Little 0-0: Called Strike
0-1: Swinging Strike
0-2: Foul Ball, location: 2F
0-2: Strikes out swinging
Pinch Hitting: RHB Aron Lali 0-0: Foul Ball, location: 2F
0-1: Reached on error, E6 (Groundball, 6, EV 85.6 MPH)
Johnny Bunkley to third
Chandler Frazee to second
Batting: RHB Johnny Jackson 0-0: Called Strike
0-1: Called Strike
0-2: Ball
1-2: Foul Ball, location: 2F
1-2: Strikes out swinging
Bottom of the 8th over - 0 runs, 1 hit, 1 error, 3 left on base; Baton Rouge 4 - Fort Wayne 4
TOP OF THE 9TH
Baton Rouge Bayou batting - Pitching for Fort Wayne Herons : RHP James Tuel
Now in RF: Aron Lali
Batting: RHB Tripp Kalifetona 0-0: Ball
1-0: Called Strike
1-1: Swinging Strike
1-2: Foul Ball, location: 2F
1-2: Strikes out swinging
Batting: SHB Rob French 0-0: Called Strike
0-1: Called Strike
0-2: Ball
1-2: Strikes out looking
Batting: RHB James Wilson 0-0: Called Strike
0-1: Swinging Strike
0-2: Ball
1-2: Foul Ball, location: 2F
1-2: Foul Ball, location: 2F
1-2: Ball
2-2: Ground out 5-3 (Groundball, 56, EV 96.9 MPH)
Top of the 9th over - 0 runs, 0 hits, 0 errors, 0 left on base; Baton Rouge 4 - Fort Wayne 4
BOTTOM OF THE 9TH
Fort Wayne Herons batting - Pitching for Baton Rouge Bayou : LHP Derek Royalty
Pinch Hitting: RHB Isiah Mahoney 0-0: Ground out 4-3 (Groundball, 4, EV 104.4 MPH)
Batting: RHB Shawn Gunn 0-0: Ball
1-0: Ball
2-0: Called Strike
2-1: Ground out 5-3 (Groundball, 56, EV 91.2 MPH)
Batting: RHB Cristian Osborne 0-0: Ball
1-0: Foul Ball, location: 2F
1-1: Ball
2-1: Ball
3-1: DOUBLE (Line Drive, 9LM, EV 106.2 MPH)
Pitching: RHP Camden Fox
Batting: RHB Jessie Himes 0-0: SINGLE (Groundball, 6MD, EV 95.6 MPH)
Cristian Osborne to third
Runner from 3rd tries for Home, SAFE, throw by CF to home
Bottom of the 9th over - 1 run, 2 hits, 0 errors, 1 left on base; Baton Rouge 4 - Fort Wayne 5
Saturday, May 11th , 2024 - OOTP Baseball 23.10 Build 110